 Dungeon Crawl Stone Soup version 0.20.0-3-g22ec75f (webtiles) character file.

28 RKaid the Vexing (level 2, 0/24 HPs)
             Began as a Deep Elf Arcane Marksman on May 26, 2017.
             Slain by an adder (3 damage)
             ... on level 2 of the Dungeon.
             The game lasted 00:01:59 (1045 turns).

RKaid the Vexing (Deep Elf Arcane Marksman)         Turns: 1045, Time: 00:02:00

Health: 0/24       AC: 21    Str:  5 (7)  XL:     2   Next: 96%
Magic:  6/6        EV:  2    Int: 16 (17) God:
Gold:   76         SH:  0    Dex: 12 (15) Spells: 1/4 levels left

rFire    . . .     SeeInvis .   a - +0 shortbow
rCold    + . .     Gourm    .   (shield currently unavailable)
rNeg     + + +     Faith    .   (armour currently unavailable)
rPois    +         Spirit   .   (helmet currently unavailable)
rElec    .         Reflect  .   (cloak currently unavailable)
rCorr    .         Harm     .   (gloves currently unavailable)
MR       .....     NoTele   +   (boots currently unavailable)
Stlth    ++........             (no amulet)
Regen    0.1/turn               o - ring of stealth (curse) {Stlth+}
MPRegen  0.1/turn               s - ring of protection from cold {rC+}

@: lethally poisoned (0 -> -3), tree-form
A: no striking features
a: no special abilities


You were on level 2 of the Dungeon.
You were not hungry.
You were a tree.
You visited 1 branch of the dungeon, and saw 2 of its levels.

You collected 76 gold pieces.

Inventory:

Hand Weapons
 a - a +0 shortbow (weapon)
 b - a +0 short sword
   (You took it off a kobold on level 1 of the Dungeon)
Missiles
 d - 48 arrows (quivered)
Armour
 e - a +0 robe (melded)
Jewellery
 o - a cursed ring of stealth (left branch) {Stlth+}
   (You found it on level 1 of the Dungeon)
 s - a ring of protection from cold (right branch) {rC+}
   (You found it on level 1 of the Dungeon)
 t - an uncursed ring of protection from cold {rC+}
   (You found it on level 2 of the Dungeon)
Scrolls
 g - a scroll of blinking {unknown}
 h - a scroll of enchant weapon {unknown}
 i - a scroll of enchant armour {unknown}
 k - 2 scrolls of teleportation {unknown}
 l - 2 scrolls of identify {unknown}
 n - a scroll of recharging {unknown}
 p - a scroll of magic mapping {unknown}
 r - a scroll of remove curse {unknown}
Potions
 q - a potion of flight {unknown}
Books
 c - a book of Debilitation
Comestibles
 f - 2 bread rations
 j - 2 meat rations
 u - a royal jelly
 v - 4 chunks of flesh


   Skills:
 + Level 1.5 Fighting
 * Level 3.0 Bows
 - Level 2.4 Dodging
 - Level 1.5 Spellcasting
 + Level 4.3 Hexes


You had one spell level left.
You knew the following spells:

 Your Spells              Type           Power        Failure   Level  Hunger
a - Corona                Hex            ###....      3%          1    ##.....
b - Slow                  Hex            ###.....     5%          2    ###....


Dungeon Overview and Level Annotations

Branches:
Dungeon (2/15)

Altars:
Xom


Message History

v - 2 chunks of flesh You see here an adder skeleton. x2
d - 32 arrows (gained 1)
d - 33 arrows (gained 1)
w - a glowing yellow potion
d - 57 arrows (gained 24)
A leopard gecko comes into view.
The leopard gecko hisses angrily.
Firing (i - inventory):
d - 57 arrows (quivered)
Press: ? - help, Shift-Dir - straight line, f - leopard gecko
Aim: a leopard gecko (clinging)
You shoot an arrow.
The arrow closely misses the leopard gecko.
Firing (i - inventory):
d - 56 arrows (quivered)
Press: ? - help, Shift-Dir - straight line, f/p - leopard gecko
Aim: a leopard gecko (clinging)
You shoot an arrow. The arrow hits the leopard gecko.
Firing (i - inventory):
d - 55 arrows (quivered)
Press: ? - help, Shift-Dir - straight line, f/p - leopard gecko
Aim: a leopard gecko (clinging)
You shoot an arrow. The arrow hits the leopard gecko!
You kill the leopard gecko!
d - 55 arrows (gained 1)
You butcher the leopard gecko corpse.
v - 4 chunks of flesh (gained 2)
d - 56 arrows (gained 1)
d - 57 arrows (gained 1)
A kobold comes into view. It is wielding a short sword.
Firing (i - inventory):
d - 57 arrows (quivered)
Press: ? - help, Shift-Dir - straight line, f - kobold
Aim: a kobold, wielding a short sword (resting)
You shoot an arrow. The arrow hits the kobold.
Firing (i - inventory):
d - 56 arrows (quivered)
Press: ? - help, Shift-Dir - straight line, f/p - kobold
Aim: a kobold, wielding a short sword (severely wounded)
You shoot an arrow. The arrow hits the kobold.
You kill the kobold!
Your Bows skill increases to level 3!
d - 56 arrows (gained 1)
Things that are here:
a short sword; a kobold corpse You now have 76 gold pieces (gained 8).
k - 2 scrolls labeled QIS CAPLUOHACU (gained 1)
An adder and a hobgoblin come into view.
Firing (i - inventory):
d - 56 arrows (quivered)
Press: ? - help, Shift-Dir - straight line, f - adder
Aim: an adder (resting)
You shoot an arrow. The arrow hits the adder.
The adder hisses angrily.
Firing (i - inventory):
d - 55 arrows (quivered)
Press: ? - help, Shift-Dir - straight line, f/p - adder
Aim: an adder (heavily wounded)
You shoot an arrow. The arrow closely misses the adder.
The hobgoblin shouts!
Firing (i - inventory):
d - 54 arrows (quivered)
Press: ? - help, Shift-Dir - straight line, f/p - adder
Aim: an adder (heavily wounded)
You shoot an arrow.
The arrow hits the adder but does no damage.
The adder bites you.
Firing (i - inventory):
d - 53 arrows (quivered)
Press: ? - help, Shift-Dir - straight line, f/p - adder
Aim: an adder (heavily wounded)
You shoot an arrow. The arrow barely misses the adder.
The adder bites you.
Firing (i - inventory):
d - 52 arrows (quivered)
Press: ? - help, Shift-Dir - straight line, f/p - adder
Aim: an adder (heavily wounded)
You shoot an arrow. The arrow barely misses the adder.
The adder bites you but does no damage. The adder closely misses you.
Firing (i - inventory):
d - 51 arrows (quivered)
Press: ? - help, Shift-Dir - straight line, f/p - adder
Aim: an adder (heavily wounded)
You shoot an arrow. The arrow misses the adder.
The adder barely misses you. The adder bites you.
You are too injured to fight recklessly!
You are too injured to fight recklessly!
The adder closely misses you.
Firing (i - inventory):
d - 50 arrows (quivered)
Press: ? - help, Shift-Dir - straight line, f/p - adder
Aim: an adder (heavily wounded)
You shoot an arrow. The arrow closely misses the adder.
The arrow hits the hobgoblin but does no damage.
The adder completely misses you.
Firing (i - inventory):
d - 49 arrows (quivered)
Press: ? - help, Shift-Dir - straight line, f/p - adder
Aim: an adder (heavily wounded)
You shoot an arrow. The arrow closely misses the adder.
The arrow hits the hobgoblin.
The adder barely misses you. The adder bites you.
* * * LOW HITPOINT WARNING * * *
You are lethally poisoned!
The adder poisons you!
It was a potion of degeneration.
There was something very wrong with that liquid.
You feel weakened.
You feel dopey.
You feel clumsy.
* * * LOW HITPOINT WARNING * * *
You feel sick. The adder barely misses you.
It was a potion of lignification.
You turn into a tree.
Your +0 robe melds into your body.
Your roots penetrate the ground.
The adder bites you.
You die...

..g(.......#
#(..# #(#.#
#(..# #(..#
#...####
#g.....#
#S##.#.#
#♣##.#.#
#.##...#
#.###.)#
#......#
#.####.##+#
#.# #.##.#
###.# #..#.#
#...# ##.#.#
#...# #.#.#


You could see an adder and a hobgoblin.

Vanquished Creatures
  An adder (D:2)
  A leopard gecko (D:2)
  3 goblins (D:1)
  A hobgoblin (D:1)
  4 bats (D:1)
  2 frilled lizards (D:1)
  3 kobolds
  2 rats (D:1)
17 creatures vanquished.

Notes
Turn   | Place    | Note
-------+----------+-------------------------------------------
     0 | D:1      | RKaid the Deep Elf Arcane Marksman began the quest for the Orb.
     0 | D:1      | Reached XP level 1. HP: 11/11 MP: 5/5
     6 | D:1      | Noticed a swamp worm
     6 | D:1      | Noticed a polar bear
     6 | D:1      | Noticed an iguana
     7 | D:1      | Noticed a salamander
     7 | D:1      | Noticed a swamp drake
   124 | D:1      | Reached skill level 1 in Fighting
   198 | D:1      | Reached XP level 2. HP: 16/16 MP: 6/6
   383 | D:1      | Found a shimmering altar of Xom.
   789 | D:2      | Learned a level 2 spell: Slow
  1007 | D:2      | Reached skill level 3 in Bows
  1043 | D:2      | HP: 3/16 [adder (5)]
  1045 | D:2      | Slain by an adder

Skill      XL: |  1  2 |
---------------+-------+-----
Fighting       | 1 |  1.5
Bows           | 3 |  3.0
Dodging        | |  2.4
Spellcasting   | |  1.5
Hexes          | |  4.3

Action                   || total
-------------------------++-------
 Fire: Shortbow          ||    44
  Use: Potion            ||     2
Armor: Robe              ||     4
Dodge: Dodged            ||    22

Table legend:
 A = Turns spent in this place as a percentage of turns spent in the entire game.
 B = Non-inter-level travel turns spent in this place as a percentage of non-inter-level travel turns spent in the entire game.
 C = Inter-level travel turns spent in this place as a percentage of turns spent in this place.
 D = Turns resting spent in this place as a percentage of non-inter-level travel turns spent in this place.
 E = Turns spent auto-exploring this place as a percentage of non-inter-level travel turns spent in this place.
 F = Non-inter-level travel turns spent in this place divided by the number of levels of this place that you've seen.
                   A       B       C       D       E      F
               +-------+-------+-------+-------+-------+----------------------
         Total | 100.0 | 100.0 |   0.5 |   0.0 |  19.5 |  92.5
       Dungeon | 100.0 | 100.0 |   0.5 |   0.0 |  19.5 |  92.5
               +-------+-------+-------+-------+-------+----------------------

Table legend:
 A = Kills in this place as a percentage of kills in entire the game.
 B = Kills by you in this place as a percentage of kills by you in the entire game.
 C = Kills by friends in this place as a percentage of kills by friends in the entire game.
 D = Other kills in this place as a percentage of other kills in the entire game.
 E = Experience gained in this place as a percentage of experience gained in the entire game.
 F = Experience gained in this place divided by the number of levels of this place that you have seen.
                   A       B       C       D       E      F
               +-------+-------+-------+-------+-------+----------------------
         Total | 100.0 | 100.0 |  -nan |  -nan | 100.0 |  20.0
       Dungeon | 100.0 | 100.0 |  -nan |  -nan | 100.0 |  20.0
               +-------+-------+-------+-------+-------+----------------------
